 Dungeon Crawl Stone Soup version 0.27.1-33-g824d729ab1 (webtiles) character file.

Game seed: 17308296702377521353

9 squirgh the Skirmisher (level 2, -1/24 HPs)
             Began as a Human Berserker on Dec 31, 2021.
             Was a Follower of Trog.
             Slain by an orc (2 damage)
             ... on level 2 of the Dungeon.
             The game lasted 00:08:17 (388 turns).

squirgh the Skirmisher (Human Berserker)             Turns: 388, Time: 00:08:18

Health: -1/24      AC:  2    Str: 17    XL:     2   Next: 25%
Magic:  2/2        EV: 12    Int:  7    God:    Trog [*.....]
Gold:   40         SH:  0    Dex: 12    Spells: 1/1 levels left

rFire    . . .     SeeInvis .   j - +4 dagger (drain)
rCold    . . .     Faith    .   (no shield)
rNeg     . . .     Spirit   .   b - +0 animal skin
rPois    .         Reflect  .   (no helmet)
rElec    .         Harm     .   (no cloak)
rCorr    .         Rampage  .   (no gloves)
Will     .....                  (no boots)
Stlth    +.........             (no amulet)
HPRegen  0.08/turn              (no ring)
MPRegen  0.08/turn              (no ring)

@: no status effects
A: no striking features
a: Renounce Religion, Berserk


You were on level 2 of the Dungeon.
You worshipped Trog.
Trog was aware of your devotion.
You visited 1 branch of the dungeon, and saw 2 of its levels.

You collected 40 gold pieces.

Inventory:

Hand Weapons
 a - a +0 hand axe
 c - a +0 short sword
 d - a +0 club
 g - a +1 dagger of protection
 i - a +0 dagger
 j - a +4 dagger of draining (weapon)
 n - a +0 dagger
Missiles
 e - 5 large rocks
Armour
 b - a +0 animal skin (worn)
Scrolls
 f - a scroll of identify {unknown}
 h - a scroll of holy word {unknown}
 l - a scroll of enchant weapon {unknown}
Potions
 k - a potion of mutation {unknown}
 m - a potion of magic {unknown}


   Skills:
 + Level 3.3 Fighting
 + Level 3.2 Axes
 + Level 2.0 Armour
 + Level 2.0 Dodging


You had one spell level left.
You didn't know any spells.
Your spell library was empty.

Dungeon Overview and Level Annotations

Branches:
Dungeon (2/15)

Altars:

Shops:
D:1 (?


Message History

The frilled lizard bites you.
You hit the frilled lizard but do no damage.
You drain the frilled lizard.
You kill the frilled lizard!
Trog accepts your kill.
An orc comes into view. It is wielding a +0 whip.
Found 18 stones.
The orc closely misses you. The orc barely misses you.
You closely miss the orc. The orc hits you with a +0 whip.
You hit the orc.
The orc is lightly wounded.
The orc completely misses you.
You closely miss the orc.
The orc is lightly wounded.
The orc closely misses you. The orc closely misses you.
The orc hits you with a +0 whip. The orc hits you with a +0 whip.
The orc closely misses you. The orc hits you but does no damage.
The orc hits you with a +0 whip. The orc hits you with a +0 whip.
The orc closely misses you. The orc closely misses you.
The orc closely misses you. The orc closely misses you.
The orc barely misses you. The orc misses you. The orc hits you with a +0 whip.
The orc misses you. The orc barely misses you. The orc barely misses you.
The orc hits you with a +0 whip. The orc barely misses you.
The orc hits you with a +0 whip.
* * * LOW HITPOINT WARNING * * *
The orc hits you with a +0 whip.
* * * LOW HITPOINT WARNING * * *
The orc hits you with a +0 whip.
You die...

.....(..# ........#
........# ........#
........## .........
.......o#############
#...@...#..........#
#.#####.#..........#
#.#..........#
#.#..........#
#.!..........# ##
####.........#
....###.........#
#........<.....#
##.###.........#


You could see an orc.

Vanquished Creatures
  A bat (D:1)
  An endoplasm (D:2)
  3 goblins (D:1)
  A ball python (D:1)
  2 frilled lizards
  A kobold (D:1)
9 creatures vanquished.

Notes
Turn   | Place    | Note
-------+----------+-------------------------------------------
     0 | D:1      | squirgh the Human Berserker began the quest for the Orb.
     0 | D:1      | Reached XP level 1. HP: 18/18 MP: 1/1
    58 | D:1      | Found Dingieq's Magic Scroll Boutique.
   123 | D:1      | Found Cyticabb's Weapon Boutique.
   169 | D:1      | Reached XP level 2. HP: 15/24 MP: 2/2
   387 | D:2      | HP: 1/24 [orc (3)]
   388 | D:2      | Slain by an orc

Illustrated notes

Levels and vault maps discovered:
D:1:      minmay_arrival_open_corners, layout_loops_ring, serial_shops,
          nicolae_shop_crystal, shop, nicolae_lakefront_shop
D:2:      layout_basic, basic_ecumenical_altar

Action                   || total
-------------------------++-------
Melee: Hand axe          ||    21
       Dagger            ||     6
Armor: Animal skin       ||     6
Dodge: Dodged            ||    34
